 Dungeon Crawl Stone Soup version 0.25-a0-94-g9e23508adf (webtiles) character file.

Game seed: 18256161147470454573, levelgen mode: deterministic

1472850 kreghek the Imperceptible (level 27, 232/241 HPs)
             Began as an Octopode Air Elementalist on Nov 11, 2019.
             Was a High Priest of Okawaru.
             Escaped with the Orb
             ... and 3 runes!
             The game lasted 02:50:48 (102222 turns).

kreghek the Imperceptible (OpAE)                  Turns: 102222, Time: 02:50:48

Health: 232/241    AC: 32    Str: 22    XL:     27
Magic:  31/31      EV: 26    Int: 26    God:    Okawaru [*****.]
Gold:   1509       SH: 37    Dex: 17    Spells: 3/50 levels left

rFire    + + .     SeeInvis +   W - +9 sacred scourge (holy)
rCold    + . .     Gourm    .   R - +6 large shield {AC+3}
rNeg     + + .     Faith    .   I - +0 hat of Satisfaction {*Drain rElec MR++ Str+2}
rPois    ∞         Spirit   .   o - brooch of Shielding {Reflect SH+8}
rElec    +         Reflect  +   j - +3 ring of evasion
rCorr    .         Harm     .   K - ring of protection from fire
MR       +++++                  g - ring of Elyvilon's Approval {Wiz rC+ Stlth+}
Stlth    ++++......             x - ring "Xywneqal" {rPois rF+ Int+4 SInv}
HPRegen  0.50/turn              q - ring "Vyucs" {*Drain +Inv rN+ Int+4 SInv}
MPRegen  0.22/turn              V - +2 ring of protection
                                L - ring of Ywungut {Wiz Str+4 SInv Stlth+}
                                F - ring "Zeaffi" {rPois Dex+5 SInv}

@: statue-form, studying Summonings, deflect missiles, very slow
A: almost no armour, stealthy swim, amphibious, 8 rings, constrict 8, camouflage
1, blink, clumsy 1, dopey 1, frail 1, low mp 2, magic resistance 1, poison
resistance, evolution 1
0: Orb of Zot
}: 3/15 runes: decaying, silver, gossamer
a: End Transformation, Blink, Heroism, Finesse, Renounce Religion, Evoke
Invisibility


You escaped.
You worshipped Okawaru.
Okawaru was extremely pleased with you.
You were not hungry.
You were a stone statue.
You visited 10 branches of the dungeon, and saw 50 of its levels.
You also visited: Ice Cave.

You collected 8212 gold pieces.
You spent 6703 gold pieces at shops.

Inventory:

Hand Weapons
 t - the +16 lance "Wyrmbane" {slay drac, rPois rF+ rC+ AC+3}
   (You bought it in a shop on level 15 of the Dungeon)

   It affects your AC (+3).
   It protects you from fire.
   It protects you from cold.
   It protects you from poison.
 W - a +9 sacred scourge of holy wrath (weapon)
 Y - a +9 broad axe of freezing
Missiles
 p - 1834 arrows
 E - 12 throwing nets (quivered) {!f}
Armour
 I - the +0 hat of Satisfaction (worn) {*Drain rElec MR++ Str+2}
   (Okawaru gifted it to you on level 3 of the Vaults)

   It affects your strength (+2).
   It insulates you from electricity.
   It affects your resistance to hostile enchantments.
   It causes draining when unequipped.
 R - a +6 large shield of protection (worn)
Jewellery
 g - the ring of Elyvilon's Approval (on tentacle) {Wiz rC+ Stlth+}
   (You acquired it on level 4 of the Lair of Beasts)

   [ring of wizardry]

   It improves your spell success rate.
   It protects you from cold.
   It makes you more stealthy.
 j - a +3 ring of evasion (left tentacle)
 o - the brooch of Shielding (around mantle) {Reflect SH+8}
   (You found it on level 6 of the Lair of Beasts)

   [amulet of reflection]

   It shields you and reflects attacks.
   It affects your SH (+8).
 q - the ring "Vyucs" (on tentacle) {*Drain +Inv rN+ Int+4 SInv}
   (You acquired it on level 4 of the Lair of Beasts)

   [ring of see invisible]

   It affects your intelligence (+4).
   It protects you from negative energy.
   It lets you see invisible.
   It lets you turn invisible.
   It causes draining when unequipped.
 x - the ring "Xywneqal" (on tentacle) {rPois rF+ Int+4 SInv}
   (You bought it in a shop on level 3 of the Elven Halls)

   [ring of see invisible]

   It affects your intelligence (+4).
   It protects you from fire.
   It protects you from poison.
   It lets you see invisible.
 F - the ring "Zeaffi" (on tentacle) {rPois Dex+5 SInv}
   (You found it on level 3 of the Swamp)

   [ring of see invisible]

   It affects your dexterity (+5).
   It protects you from poison.
   It lets you see invisible.
 K - a ring of protection from fire (right tentacle)
 L - the ring of Ywungut (on tentacle) {Wiz Str+4 SInv Stlth+}
   (You found it in an ice cave)

   [ring of wizardry]

   It improves your spell success rate.
   It affects your strength (+4).
   It lets you see invisible.
   It makes you more stealthy.
 M - an uncursed ring of protection from fire
 O - an uncursed ring of protection from magic
 U - the ring of Conformity {-Tele rN+ MP+9 Dex+4}
   (You found it on level 3 of the Spider Nest)

   [ring of magical power]

   It affects your dexterity (+4).
   It protects you from negative energy.
   It affects your magic capacity (+9).
   It prevents most forms of teleportation.
 V - a +2 ring of protection (on tentacle)
Wands
 e - a wand of paralysis (61)
 y - a wand of enslavement (21)
 A - a wand of digging (17)
 D - a wand of acid (7)
 Z - a wand of iceblast (66)
Scrolls
 h - 8 scrolls of fear
 i - 15 scrolls of teleportation {@r3}
 k - 10 scrolls of identify {@r1}
 l - 10 scrolls of blinking
 u - 7 scrolls of fog
 w - 2 scrolls of holy word
 J - a scroll of summoning
 N - 13 scrolls of magic mapping
 T - 6 scrolls of silence
Potions
 a - 13 potions of curing {@q1}
 d - 3 potions of resistance
 f - a potion of ambrosia
 r - 7 potions of heal wounds
 s - 10 potions of mutation
 z - 6 potions of haste
 B - 9 potions of brilliance
 C - 3 potions of invisibility
 G - 3 potions of cancellation
 H - 4 potions of agility
 P - 6 potions of might
 S - 7 potions of magic
Books
 X - a manual of Summonings
Miscellaneous
 c - a phial of floods
 m - a phantom mirror
 n - 6 boxes of beasts
 v - a lamp of fire
 Q - 5 sacks of spiders
Comestibles
 b - 29 rations


   Skills:
 - Level 22.0 Fighting
 - Level 12.5(13.9) Axes
 - Level 9.1(12.0) Maces & Flails
 - Level 5.4(9.9) Polearms
 - Level 15.0 Dodging
 + Level 23.2 Stealth
 - Level 20.0 Shields
 - Level 12.0 Spellcasting
 - Level 5.0 Conjurations
 - Level 12.0 Hexes
 - Level 5.0 Charms
 - Level 12.0 Summonings
 - Level 5.1 Necromancy
 - Level 6.0 Translocations
 - Level 10.0 Transmutations
 - Level 4.8 Air Magic
 - Level 10.0 Earth Magic
 - Level 9.0 Invocations
 - Level 18.0 Evocations


You had 3 spell levels left.
You knew the following spells:

 Your Spells              Type           Power        Failure   Level  Hunger
a - Deflect Missiles      Chrm/Air       #####.....   34%         6    #####..
b - Silence               Hex/Air        ######....   1%          5    ###....
c - Summon Mana Viper     Hex/Summ       ######..     1%          5    ###....
d - Blink                 Tloc           N/A          1%          2    None
e - Statue Form           Tmut/Erth      ######...    5%          6    #####..
f - Summon Forest         Summ/Tloc      ######....   1%          5    ###....
g - Regeneration          Chrm/Necr      #####.....   1%          3    None
h - Passwall              Tmut/Erth      ######..     1%          2    None
i - Summon Lightning Spi  Summ/Air       ######..     1%          4    None
j - Sticks to Snakes      Tmut           ######..     1%          2    None
k - Apportation           Tloc           #####.       1%          1    None
l - Summon Butterflies    Summ           ######..     1%          1    None
m - Irradiate             Conj/Tmut      ######....   2%          5    ###....

Your spell library contained the following spells:

 Spells                   Type           Power        Failure   Level  Hunger
 Animate Skeleton         Necr           N/A          1%          1    None
 Beastly Appendage        Tmut           ######       1%          1    None
 Confusing Touch          Hex            ######       1%          1    None
 Corona                   Hex            ######.      1%          1    None
 Flame Tongue             Conj/Fire      ####.        1%          1    None
 Freeze                   Ice            ###.         1%          1    None
 Infusion                 Chrm           ####         1%          1    None
 Magic Dart               Conj           ####         1%          1    None
 Sandblast                Erth           ######       1%          1    None
 Shock                    Conj/Air       ####         1%          1    None
 Sting                    Conj/Pois      ####         1%          1    None
 Summon Small Mammal      Summ           ####         1%          1    None
 Call Imp                 Summ           ######..     1%          2    None
 Corpse Rot               Necr           N/A          1%          2    None
 Ensorcelled Hibernation  Hex/Ice        #####.       1%          2    None
 Poisonous Vapours        Pois/Air       ####..       1%          2    None
 Searing Ray              Conj           #####.       1%          2    None
 Shroud of Golubria       Chrm/Tloc      #####.       1%          2    None
 Slow                     Hex            ######..     1%          2    None
 Song of Slaying          Chrm           #####...     1%          2    None
 Sublimation of Blood     Necr           #####.....   1%          2    None
 Swiftness                Chrm/Air       #####...     1%          2    None
 Throw Flame              Conj/Fire      ####..       1%          2    None
 Throw Frost              Conj/Ice       ####..       1%          2    None
 Call Canine Familiar     Summ           ######..     1%          3    None
 Confuse                  Hex            ######..     1%          3    None
 Dazzling Spray           Conj/Hex       ######       1%          3    None
 Gell's Gravitas          Tloc           #####.....   1%          3    None
 Ignite Poison            Fire/Tmut/Pois ####....     1%          3    None
 Inner Flame              Hex/Fire       #####...     1%          3    None
 Lesser Beckoning         Tloc           #####.....   1%          3    None
 Mephitic Cloud           Conj/Pois/Air  ####....     1%          3    None
 Spectral Weapon          Hex/Chrm       ######..     1%          3    None
 Spider Form              Tmut/Pois      #####.....   1%          3    None
 Static Discharge         Conj/Air       #####...     1%          3    None
 Stone Arrow              Conj/Erth      ######       1%          3    None
 Summon Guardian Golem    Hex/Summ       ######..     1%          3    None
 Teleport Other           Tloc           #####...     1%          3    None
 Tukima's Dance           Hex            ######..     1%          3    None
 Conjure Flame            Conj/Fire      ####....     2%          3    None
 Ozocubu's Armour         Chrm/Ice       ####....     2%          3    None
 Cause Fear               Hex            ######....   1%          4    None
 Fulminant Prism          Conj/Hex       ######....   1%          4    None
 Leda's Liquefaction      Hex/Erth       ######....   1%          4    None
 Petrify                  Tmut/Erth      ######..     1%          4    None
 Summon Ice Beast         Ice/Summ       #####...     1%          4    None
 Blade Hands              Tmut           ######....   1%          5    ###....
 Lee's Rapid Deconstruct  Erth           ######....   1%          5    ###....
 Yara's Violent Unravell  Hex/Tmut       ######....   1%          5    ###....
 Airstrike                Air            #####.....   2%          4    None
 Force Lance              Conj/Tloc      #####...     2%          4    None
 Ice Form                 Ice/Tmut       #####...     2%          4    None
 Iskenderun's Mystic Bla  Conj           #####...     2%          4    None
 Invisibility             Hex            ######..     2%          6    #####..
 Metabolic Englaciation   Hex/Ice        #####.....   4%          5    ###....
 Hydra Form               Tmut           ######....   5%          6    #####..
 Sticky Flame             Conj/Fire      ####....     7%          4    None
 Throw Icicle             Conj/Ice       ####....     7%          4    None
 Agony                    Necr           #####...     7%          5    ###....
 Alistair's Intoxication  Tmut/Pois      #####...     7%          5    ###....
 Bolt of Draining         Conj/Necr      #####.....   7%          5    ###....
 Bolt of Magma            Conj/Fire/Erth #####.....   7%          5    ###....
 Dispel Undead            Necr           #####...     7%          5    ###....
 Excruciating Wounds      Chrm/Necr      #####.....   7%          5    ###....
 Lightning Bolt           Conj/Air       #####.....   7%          5    ###....
 Summon Hydra             Summ           ######....   12%         7    ######.
 Iron Shot                Conj/Erth      ######....   13%         6    #####..
 Fireball                 Conj/Fire      ####......   17%         5    ###....
 Venom Bolt               Conj/Pois      ####......   17%         5    ###....
 Dragon Form              Tmut           ######....   24%         7    ######.
 Conjure Ball Lightning   Conj/Air       #####.....   36%         6    #####..
 Haunt                    Necr/Summ      ######....   41%         7    ######.
 Spellforged Servitor     Conj/Summ      ######....   41%         7    ######.
 Freezing Cloud           Conj/Ice/Air   ####......   54%         6    #####..
 Bolt of Cold             Conj/Ice       ####......   65%         6    #####..
 Bolt of Fire             Conj/Fire      ####......   65%         6    #####..
 Poison Arrow             Conj/Pois      ####......   65%         6    #####..
 Simulacrum               Ice/Necr       ####......   65%         6    #####..
 Ozocubu's Refrigeration  Ice            ###.......   92%         6    #####..
 Lehudib's Crystal Spear  Conj/Erth      ######....   99%         8    #######
 Necromutation            Tmut/Necr      ######....   99%         8    #######
 Borgnjor's Revivificati  Necr           #####.....   100%        8    #######
 Chain Lightning          Conj/Air       #####.....   100%        8    #######
 Death's Door             Chrm/Necr      #####.....   100%        8    #######
 Infestation              Necr           #####.....   100%        8    #######
 Dragon's Call            Summ           ######....   100%        9    #######
 Fire Storm               Conj/Fire      ####......   100%        9    #######
 Glaciate                 Conj/Ice       ####......   100%        9    #######
 Shatter                  Erth           ######....   100%        9    #######
 Tornado                  Air            #####.....   100%        9    #######
 Passage of Golubria      Tloc           Unusable     N/A         4    N/A

Dungeon Overview and Level Annotations

Branches:
Dungeon (15/15)            Temple (1/1) D:6            Lair (6/6) D:9
  Swamp (4/4) Lair:2       Spider (4/4) Lair:4        Slime (0/5) Lair:5
    Orc (2/2) D:10            Elf (3/3) Orc:2        Vaults (5/5) D:14
  Crypt (0/3) Vaults:2     Depths (5/5) D:15            Zot (5/5) Depths:5
  IceCv (visited)

Altars:
Ashenzari
Cheibriados
Dithmenos
Elyvilon
Fedhas
Gozag
Hepliaklqana
Kikubaaqudgha
Makhleb
Nemelex Xobeh
Okawaru
Qazlal
Ru
Sif Muna
Trog
Uskayaw
Vehumet
Wu Jian
Xom
Yredelemnul
Zin
The Shining One
Beogh

Shops:
D:10 *   D:12 ?   D:14 :}*?   D:15 *   Orc:2 %!*   Elf:3 =   Vaults:3 (
Depths:2 :   Depths:4 (

Portals:
Hell: Depths:1 Depths:2 Depths:3 Depths:4 Depths:5
Abyss: Depths:1 Depths:4 Depths:5
Pandemonium: Depths:3 Depths:4
Ziggurat: Depths:3

Annotations:
D:10 1 runed translucent door
Swamp:3 exclusion: 2 oklob plants
Elf:2 1 runed translucent door
Depths:1 3 runed translucent doors, Hettah's ghost, veteran GnWz


Innate Abilities, Weirdness & Mutations

You cannot wear most types of armour.
You are very stealthy in the water. (Stealth+)
You are amphibious.
You can wear up to eight rings at the same time.
You can use your tentacles to constrict eight enemies at once.
Your skin changes colour to match your surroundings (Stealth+).
((Your rubbery body absorbs attacks. (AC +1, EV +1)))
You can translocate small distances at will.
You are clumsy. (Dex -2)
You are dopey. (Int -2)
You are frail. (-10% HP)
Your magical capacity is very low. (-20% MP)
You are resistant to hostile enchantments. (MR+)
Your system is resistant to poisons. (rPois)
You evolve.


Message History

You climb upwards.
There is a stone staircase leading down here.
You see here a +0 club.
Magic restored.
A torturous demonspawn comes into view.
It is wielding a +3 demon whip of electrocution.
There is a staircase leading out of the dungeon here.
You closely miss the torturous demonspawn.
You thrash the torturous demonspawn!!
The torturous demonspawn convulses.
You squeeze the torturous demonspawn!
You block the torturous demonspawn's attack.
You are struck by the torturous demonspawn's spines.
You miss the torturous demonspawn.
You block the torturous demonspawn's attack.
You hit the torturous demonspawn but do no damage.
You whack the torturous demonspawn!
The torturous demonspawn convulses!
You kill the torturous demonspawn!
Okawaru accepts your kill.
No target in view!
There is a staircase leading out of the dungeon here.
You have escaped!

#.# #.####.# #.#
##.#####.####.#############.#####
.................................
##.#.###.###..########.####.#####
##.....#.# ##.# ######.####.#####
.........####.###...............)
.##............##.#####..#....###
.##.....#####..................#.
.##.....#.###.).8...........#..#.
........#........#######.......#.
###..............##...##....##.#.
# #.....#.###....#.###.#....##...
#######.#.# #....'.#>#.#....####.
....#...#.###....#.#'#.#....####.
###.#............##...#'....#....
#.#............#######....#....
###.#...[..................##....


There were no monsters in sight!

Vanquished Creatures
  2 pandemonium lords
  13 ancient liches
  Mennas (Vaults:4)
  6 orbs of fire
  A juggernaut (Depths:3)
  Mara (Swamp:3)
  Boris (Depths:5)
  7 Killer Klowns
  Bai Suzhen (Swamp:3)
  Saint Roka (Depths:5)
  2 curse toes
  A caustic shrike (Depths:3)
  The ghost of Sudaz the Slayer, a veteran MiGl of Okawaru (Vaults:3)
  Nikola (Spider:1)
  5 golden dragons
  Jory (Vaults:3)
  7 liches
  2 electric golems (Zot:5)
  25 Orb Guardians
  A Hell Sentinel (Zot:1)
  17 tentacled monstrosities
  A deep elf master archer (Elf:3)
  9 titans
  3 deep elf blademasters
  6 quicksilver dragons
  An Executioner (Zot:2)
  3 sphinxes
  13 storm dragons
  3 death cobs
  The ghost of Enyssaw the Markscentaur, an adept CeAE of Okawaru (Swamp:3)
  11 tengu reavers
  7 shadow dragons
  Kirke (Lair:4)
  8 thorn hunters
  3 draconian monks
  14 fire giants
  Roxanne (Elf:1)
  5 draconian knights
  14 frost giants
  6 ghost moths
  2 draconian shifters
  Louise (Depths:5)
  3 draconian scorchers
  3 iron dragons
  A cacodemon (D:14)
  3 orc warlords
  19 vault wardens
  6 deep elf sorcerers
  Aizul (Spider:4)
  2 draconian stormcallers
  6 deep elf elementalists
  6 emperor scorpions
  2 war gargoyles (Vaults:5)
  15 ironheart preservers
  39 very ugly things
  A draconian annihilator (Zot:3)
  27 stone giants
  2 vampire knights
  4 spriggan defenders
  Nessos (D:15)
  3 green draconians
  6 red draconians
  7 deep elf demonologists
  6 black draconians
  The ghost of confidenceinterval the Basher, a journeyman GrFi of Okawaru (Lair:6)
  5 yellow draconians
  A minotaur (shapeshifter) (Vaults:5)
  5 spark wasps
  7 purple draconians
  8 deep elf annihilators (Elf:3)
  A spectral titan (Vaults:3)
  4 white draconians
  Snorg (D:10)
  17 ettins
  A crystal guardian (Vaults:5)
  A green death (Depths:4)
  3 deep elf death magi
  16 yaktaur captains
  10 deep elf high priests
  32 vault guards
  16 fire dragons
  Erolcha (Orc:1)
  4 rakshasas
  23 ogre magi
  5 ghost crabs
  7 great orbs of eyes
  25 hydras
  A hell beast (D:10)
  6 centaur warriors
  2 shambling mangroves
  4 spriggan air magi
  11 ice dragons
  2 catoblepae
  Erica (Lair:1)
  Harold (D:7)
  57 two-headed ogres
  31 dancing weapons
  2 death knights
  10 deep troll shamans
  6 hell hogs
  The ghost of Gargoyl the Envoy of Void, a novice CeAK of Lugonu (D:10)
  A queen ant (shapeshifter) (Vaults:5)
  8 deep troll earth magi
  8 tengu warriors
  15 alligators
  4 vampire magi
  6 death yaks
  4 orc high priests
  2 spriggan berserkers
  Nergalle (Orc:1)
  2 soul eaters (Depths:4)
  5 spriggans
  2 hell knights
  23 deep elf knights
  A spectral yaktaur (Vaults:3)
  3 iron trolls
  4 shadow wraiths
  2 small abominations (Elf:3)
  A gelid demonspawn (Depths:4)
  A torturous demonspawn (D:1)
  2 orange crystal statues
  2 spriggan druids
  11 swamp dragons
  6 glowing orange brains
  2 flayed ghosts
  7 phantasmal warriors
  A lindwurm (Lair:6)
  30 deep trolls
  11 deep elf archers
  Pikel (D:8)
  A wizard (Vaults:3)
  16 ironbrand convokers
  A deep troll (shapeshifter) (Depths:2)
  An orb spider (shapeshifter) (Vaults:1)
  3 harpies (Vaults:4)
  13 orb spiders
  A sphinx zombie (Depths:2)
  15 orc knights
  A necromancer (Depths:2)
  2 large abominations (Zot:2)
  A faun (shapeshifter) (Vaults:5)
  2 manticores
  4 orc sorcerers
  29 wolf spiders
  14 moths of wrath
  A salamander (shapeshifter) (Vaults:2)
  4 cyclopes
  A cyclops (shapeshifter) (Vaults:2)
  68 deep elf magi
  A manticore (shapeshifter) (Depths:5)
  32 ugly things
  An iron dragon skeleton (Depths:2)
  A salamander (Depths:5)
  12 vault sentinels
  6 elephants (Lair:6)
  A spectral elf (Vaults:3)
  A rust devil (Depths:4)
  5 black mambas
  23 spiny frogs
  18 rime drakes
  A komodo dragon (shapeshifter) (Depths:5)
  An orange demon (Depths:4)
  4 komodo dragons
  A kobold demonologist (D:12)
  51 yaktaurs
  9 freezing wraiths
  A spectral glowing shapeshifter (Vaults:3)
  6 tengu conjurers
  14 demonic crawlers
  2 queen bees
  A meliai (shapeshifter) (Depths:2)
  A golden dragon simulacrum (Vaults:3)
  22 jumping spiders
  11 trolls
  A shadow dragon simulacrum (Vaults:3)
  A tengu simulacrum (Vaults:3)
  3 meliai (D:13)
  2 hornets (shapeshifter)
  13 tyrant leeches
  A polar bear (Lair:5)
  Grinder (D:6)
  16 bog bodies
  21 hornets
  A sphinx simulacrum (Vaults:3)
  A dream sheep (shapeshifter) (Depths:5)
  15 blink frogs
  A blink frog (shapeshifter) (Depths:3)
  A snapping turtle (shapeshifter) (Vaults:5)
  32 slime creatures
  2 dream sheep (Lair:5)
  11 hippogriffs
  A fire giant simulacrum (Depths:2)
  An elf zombie (Depths:2)
  75 redbacks
  A spriggan simulacrum (Depths:2)
  An air elemental (Elf:3)
  A ynoxinul (D:12)
  2 water elementals
  2 shadows
  A tarantella (shapeshifter) (Vaults:5)
  7 wraiths
  An orc simulacrum (Vaults:1)
  22 tarantellas
  2 vampires (D:11)
  33 yaks
  A wyvern (D:12)
  2 fire elementals
  A golden eye (shapeshifter) (Depths:2)
  A golden eye (Zot:3)
  4 steam dragons (Lair:2)
  2 hogs (Lair:4)
  18 vampire mosquitoes
  11 swamp worms
  2 yaktaur simulacra
  A basilisk (D:15)
  14 wargs
  2 hungry ghosts
  A steam dragon (shapeshifter) (Depths:2)
  A chaos spawn (D:12)
  11 insubstantial wisps (Swamp:4)
  A soldier ant (D:13)
  A floating eye (Depths:5)
  9 porcupines
  4 acid dragons
  16 water moccasins
  7 hell hounds (Depths:3)
  A hornet zombie (D:12)
  6 sky beasts
  A slave (D:8)
  62 orc warriors
  17 swamp drakes
  19 ice beasts
  A swamp drake (shapeshifter) (Elf:1)
  3 eyes of draining
  3 black bears
  2 necrophages (D:9)
  56 ogres
  4 phantoms
  A tengu (shapeshifter) (Elf:3)
  2 boggarts
  20 centaurs
  22 wolves
  7 crocodiles
  12 big kobolds
  24 bullfrogs
  A deep troll simulacrum (Vaults:3)
  4 earth elementals
  10 scorpions
  5 human simulacra
  34 killer bees
  22 wights
  5 howler monkeys
  3 jellies
  4 electric eels
  11 crimson imps
  5 bullfrog zombies
  3 quasits
  9 hounds
  7 centaur zombies
  Crazy Yiuf (D:2)
  21 orc priests
  5 bullfrog skeletons
  27 orc wizards
  4 centaur skeletons
  A gnoll shaman (D:10)
  2 hell rats
  4 iguanas
  7 worker ants
  2 worker ant zombies
  9 gnolls
  16 river rats
  10 adders
  7 shadow imps
  A white imp (Depths:1)
  8 oozes
  2 adder zombies
  4 adder skeletons
  7 worms
  2 dart slugs
  10 leopard geckos
  140 orcs
  8 bats
  A giant cockroach (shapeshifter) (Depths:3)
  7 giant cockroaches
  11 goblins
  12 hobgoblins
  14 jackals
  6 quokkas
  5 ball pythons
  3 frilled lizards
  57 kobolds
  A leopard gecko skeleton (D:5)
  A quokka skeleton (D:5)
  28 rats
  2 briar patches (Swamp:4)
  A crawling corpse (Elf:3)
  5 fungi
  6 plants
2499 creatures vanquished.

Vanquished Creatures (collateral kills)
  An Orb Guardian (Zot:5)
  A frost giant (Vaults:5)
  A yak (D:8)
  A hound (D:9)
  An orc wizard (D:7)
  4 orcs
  2 kobolds (D:9)
  A quokka (D:5)
12 creatures vanquished.

Vanquished Creatures (others)
  An ancient lich (Zot:5)
  2 deep elf master archers (Elf:3)
  A fire giant (D:15)
  2 stone giants
  A deep elf annihilator (Vaults:5)
  A purple draconian (Zot:3)
  3 yaktaur captains (Vaults:5)
  5 deep elf archers
  2 deep elf magi (Elf:2)
  An orb spider (Spider:1)
  A wolf spider (Spider:3)
  A moth of wrath (Zot:2)
  A rime drake (Lair:2)
  13 yaktaurs
  A tyrant leech (Swamp:1)
  A yak (D:8)
  A human (Lair:4)
  A fire elemental (Elf:2)
  A swamp worm (Swamp:1)
  A swamp drake (Swamp:4)
  2 slaves
  2 ogres
  A boggart (Depths:3)
  2 centaurs (D:14)
  A killer bee (D:10)
  A wight (D:6)
  3 kobolds
  4 briar patches
  39 fungi
  53 plants
  10 toadstools (Swamp:2)
159 creatures vanquished.

Grand Total: 2670 creatures vanquished

Notes
Turn   | Place    | Note
-------+----------+-------------------------------------------
     0 | D:1      | kreghek the Octopode Air Elementalist began the quest for
                  | the Orb.
     0 | D:1      | Reached XP level 1. HP: 11/11 MP: 3/3
    91 | D:1      | Reached skill level 1 in Fighting
   132 | D:1      | Reached XP level 2. HP: 18/18 MP: 1/5
   835 | D:1      | Reached XP level 3. HP: 24/24 MP: 4/6
  1281 | D:1      | Learned a level 2 spell: Swiftness
  1466 | D:2      | You fall into a shaft and drop 2 floors!
  1543 | D:4      | Identified the Tome of Air and Ice
  1810 | D:3      | Reached XP level 4. HP: 25/30 MP: 2/7
  1939 | D:3      | Found a faded altar of an unknown god.
  2570 | D:2      | Reached XP level 5. HP: 33/36 MP: 8/8
  2659 | D:2      | Found a runed translucent door.
  2660 | D:2      | Noticed Crazy Yiuf
  3130 | D:2      | Killed Crazy Yiuf
  3506 | D:2      | Learned a level 1 spell: Confusing Touch
  4146 | D:3      | Reached skill level 1 in Hexes
  4147 | D:3      | Reached XP level 6. HP: 44/44 MP: 9/9
  5075 | D:3      | Learned a level 3 spell: Confuse
  6109 | D:4      | Reached skill level 5 in Fighting
  6109 | D:4      | Reached XP level 7. HP: 50/50 MP: 10/10
  7846 | D:5      | Entered Level 5 of the Dungeon
  7970 | D:5      | Found an opulent altar of Gozag.
  8695 | D:5      | Reached XP level 8. HP: 50/58 MP: 11/11
  8907 | D:5      | Reached skill level 5 in Dodging
 10135 | D:6      | Noticed Grinder
 10146 | D:6      | Found a staircase to the Ecumenical Temple.
 10172 | Temple   | Entered the Ecumenical Temple
 10214 | Temple   | Became a worshipper of Warmaster Okawaru
 10525 | D:6      | Reached skill level 1 in Evocations
 10643 | D:6      | Reached skill level 1 in Invocations
 10670 | D:6      | HP: 1/60 [centaur (6)]
 11903 | D:6      | Reached XP level 9. HP: 35/64 MP: 12/12
 12602 | D:6      | Reached * piety under Okawaru
 13437 | D:7      | Reached skill level 5 in Evocations
 15026 | D:7      | Noticed Harold
 16492 | D:7      | Reached skill level 5 in Invocations
 17760 | D:8      | Reached XP level 10. HP: 49/72 MP: 14/14
 19372 | D:8      | Learned a level 6 spell: Statue Form
 19639 | D:8      | Found the +2 ratskin cloak {+Rats rPois rN+ Str-1 Int-1
                  | Dex+1}
 20035 | D:7      | Killed Harold
 20754 | D:5      | Found an opulent altar of Gozag.
 21262 | D:6      | Killed Grinder
 21339 | D:9      | Noticed Pikel
 21943 | D:8      | Killed Pikel
 21943 | D:8      | Reached skill level 1 in Polearms
 21943 | D:8      | Reached skill level 1 in Shields
 22958 | D:9      | Reached ** piety under Okawaru
 23191 | D:8      | Reached skill level 10 in Fighting
 23191 | D:8      | Reached skill level 5 in Spellcasting
 23191 | D:8      | Reached XP level 11. HP: 53/80 MP: 18/18
 24483 | D:9      | Found a staircase to the Lair.
 24690 | D:9      | Learned a level 3 spell: Tukima's Dance
 24706 | D:10     | Entered Level 10 of the Dungeon
 24769 | D:10     | Reached skill level 5 in Polearms
 25169 | D:10     | Found a runed translucent door.
 25315 | D:10     | Found Werghyw's General Store.
 25325 | D:10     | Bought a scroll of remove curse for 39 gold pieces
 25325 | D:10     | Bought a +2 broad axe of freezing for 249 gold pieces
 25348 | D:10     | Learned a level 1 spell: Corona
 25348 | D:10     | Found a transporter.
 25469 | D:10     | Reached skill level 1 in Axes
 26085 | D:10     | Found a transporter.
 26085 | D:10     | Noticed a two-headed ogre
 26086 | D:10     | Noticed Gargoyl's ghost (novice CeAK)
 26086 | D:10     | Identified the cursed +3 great mace of Siklot {crush, rF+}
 26086 | D:10     | Noticed a two-headed ogre
 26087 | D:10     | Noticed a two-headed ogre
 26151 | D:10     | Found a staircase to the Orcish Mines.
 26280 | D:10     | Found a runed translucent door.
 26281 | D:10     | Noticed a two-headed ogre
 26290 | D:10     | Killed a two-headed ogre
 26290 | D:10     | Reached *** piety under Okawaru
 27039 | D:10     | Noticed Snorg
 27077 | D:11     | Noticed a cyclops
 27101 | D:11     | Killed a cyclops
 28370 | D:11     | Reached skill level 5 in Axes
 28497 | D:11     | Reached XP level 12. HP: 89/89 MP: 20/20
 28618 | D:11     | Reached **** piety under Okawaru
 29339 | Lair:1   | Entered Level 1 of the Lair of Beasts
 29363 | Lair:1   | Noticed an eight-headed hydra
 29604 | Lair:1   | Noticed a six-headed hydra
 31463 | Lair:1   | Noticed Erica
 31471 | Lair:1   | Killed Erica
 32467 | Lair:2   | Found a staircase to the Swamp.
 32956 | Lair:2   | Learned a level 2 spell: Passwall
 33011 | Lair:3   | Reached skill level 1 in Transmutations
 33013 | Lair:3   | Reached skill level 1 in Earth Magic
 33249 | Lair:3   | Noticed a seven-headed hydra
 33453 | Lair:3   | Found a sacrificial altar of Ru.
 33866 | Lair:3   | Identified 2 scrolls of acquirement
 33874 | Lair:4   | Got a flickering lapis lazuli ring
 33875 | Lair:4   | Identified the ring "Vyucs" {*Drain +Inv rN+ Int+4 SInv}
                  | (You acquired it on level 4 of the Lair of Beasts)
 33877 | Lair:4   | Got a flickering jade ring
 33878 | Lair:4   | Identified the ring of Elyvilon's Approval {Wiz rC+ Stlth+}
                  | (You acquired it on level 4 of the Lair of Beasts)
 33889 | Lair:4   | Found a frozen archway.
 33896 | Lair:4   | Reached XP level 13. HP: 74/97 MP: 21/21
 33921 | IceCv    | Entered an ice cave
 34562 | IceCv    | Noticed an ice dragon
 34563 | IceCv    | Noticed an ice dragon
 34583 | IceCv    | Killed an ice dragon
 34590 | IceCv    | Killed an ice dragon
 34590 | IceCv    | Reached ***** piety under Okawaru
 34647 | IceCv    | Got a clouded brass ring
 35127 | IceCv    | Identified the ring of Ywungut {Wiz Str+4 SInv Stlth+} (You
                  | found it in an ice cave)
 35346 | Lair:4   | Found a hole to the Spider Nest.
 35481 | Lair:4   | Noticed Kirke
 35907 | Lair:4   | Killed Kirke
 35907 | Lair:4   | Reached skill level 10 in Axes
 37651 | Lair:4   | Received a gift from Okawaru
 37652 | Lair:4   | Got a jewelled battleaxe {god gift}
 37999 | Lair:4   | Found the +8 whip "Snakebite" {curare, rPois}
 38205 | Lair:4   | Learned a level 4 spell: Summon Lightning Spire
 38539 | Lair:5   | Reached skill level 5 in Earth Magic
 38542 | Lair:5   | Reached skill level 5 in Transmutations
 38545 | Lair:5   | Reached skill level 1 in Summonings
 38881 | Lair:5   | Found a staircase to the Slime Pits.
 40045 | Lair:5   | Reached XP level 14. HP: 71/103 MP: 24/24
 40303 | Lair:5   | Learned a level 2 spell: Sticks to Snakes
 40428 | Lair:6   | Entered Level 6 of the Lair of Beasts
 40467 | Lair:6   | Reached skill level 10 in Dodging
 41026 | Lair:6   | Received a gift from Okawaru
 41174 | Lair:6   | Found a runed translucent door.
 41194 | Lair:6   | Noticed confidenceinterval's ghost (journeyman GrFi)
 41195 | Lair:6   | Identified the +9 spear of Defiance {freeze, *Slow rElec
                  | rC+ Str+3}
 42318 | Lair:6   | Found the brooch of Shielding {Reflect SH+8}
 43351 | Lair:6   | Found a runed translucent door.
 44692 | D:10     | Received a gift from Okawaru
 44758 | D:10     | Reached XP level 15. HP: 108/108 MP: 27/27
 44896 | D:10     | Found a runed translucent door.
 44951 | D:10     | Found a staircase to the Orcish Mines.
 44977 | D:10     | Found Werghyw's General Store.
 44978 | D:10     | Found a transporter.
 44982 | D:10     | Found a transporter.
 45000 | D:10     | Killed Snorg
 45190 | D:10     | Killed Gargoyl's ghost
 45324 | D:10     | Bought a ration for 65 gold pieces
 46227 | D:12     | Found Ivasaed's Magic Scroll Emporium.
 46234 | D:12     | Bought a scroll of fear for 49 gold pieces
 46234 | D:12     | Bought a scroll of enchant weapon for 105 gold pieces
 46234 | D:12     | Bought a scroll of enchant weapon for 105 gold pieces
 46234 | D:12     | Bought a scroll of identify for 28 gold pieces
 46234 | D:12     | Bought a scroll of magic mapping for 49 gold pieces
 46234 | D:12     | Bought a scroll of blinking for 105 gold pieces
 46234 | D:12     | Bought a scroll of identify for 28 gold pieces
 46234 | D:12     | Bought a scroll of silence for 105 gold pieces
 46236 | D:12     | Bought a scroll of brand weapon for 280 gold pieces
 48321 | D:13     | Learned a level 6 spell: Deflect Missiles
 48327 | D:13     | Learned a level 5 spell: Silence
 48580 | D:14     | Reached skill level 10 in Spellcasting
 48859 | D:14     | Found Quzahado's Book Shoppe.
 48864 | D:14     | Bought a book of Minor Magic for 240 gold pieces
 48867 | D:14     | Learned a level 2 spell: Blink
 48892 | D:14     | Found Xikus's Magic Scroll Emporium.
 49061 | D:14     | Found a gate to the Vaults.
 49066 | D:14     | Reached skill level 1 in Translocations
 49098 | D:14     | Bought a scroll of fear for 49 gold pieces
 49098 | D:14     | Bought a scroll of blinking for 105 gold pieces
 49098 | D:14     | Bought a scroll of fog for 28 gold pieces
 49098 | D:14     | Bought a scroll of fog for 28 gold pieces
 49190 | D:14     | Found Dischan's General Store.
 49195 | D:14     | Bought a ration for 65 gold pieces
 49348 | D:14     | Found Ughorph Kirupt's Gadget Emporium.
 49397 | D:15     | Entered Level 15 of the Dungeon
 49503 | D:15     | Received a gift from Okawaru
 49528 | D:15     | Found a staircase to the Depths.
 49528 | D:15     | Noticed a fire giant
 49626 | D:15     | Found Vaomag's Assorted Antiques.
 49648 | D:15     | Killed a fire giant
 49653 | D:15     | Noticed Nessos
 49662 | D:15     | Killed Nessos
 49760 | D:15     | Bought a potion of curing for 66 gold pieces
 49760 | D:15     | Bought a wand of iceblast (10) for 88 gold pieces
 49760 | D:15     | Bought a potion of mutation for 176 gold pieces
 49821 | D:15     | Reached XP level 16. HP: 114/114 MP: 30/30
 50068 | D:15     | Received a gift from Okawaru
 51492 | Orc:1    | Entered Level 1 of the Orcish Mines
 51492 | Orc:1    | Noticed Nergalle
 51500 | Orc:1    | Killed Nergalle
 51561 | Orc:1    | Found a bloodstained altar of Trog.
 51818 | Orc:1    | Found a roughly hewn altar of Beogh.
 52098 | Orc:2    | Entered Level 2 of the Orcish Mines
 52172 | Orc:2    | Found Rotopuh's Assorted Antiques.
 52194 | Orc:2    | Reached skill level 1 in Charms
 52225 | Orc:2    | Found Kynuxt's Distillery.
 52431 | Orc:2    | Found a roughly hewn altar of Beogh.
 52464 | Orc:2    | Found Disoon's Antique Weapon Shop.
 52464 | Orc:2    | Found Jowohu's Food Emporium.
 52506 | Orc:2    | Found a staircase to the Elven Halls.
 53008 | Orc:2    | Bought a hardcover book for 360 gold pieces
 53008 | Orc:2    | Bought a scroll labeled LYCUKO GAHA for 24 gold pieces
 53008 | Orc:2    | Bought a wand of enslavement (5) for 48 gold pieces
 53008 | Orc:2    | Bought a scroll of teleportation for 72 gold pieces
 53008 | Orc:2    | Bought a scroll of blinking for 180 gold pieces
 53017 | Orc:2    | Bought a potion of haste for 110 gold pieces
 53017 | Orc:2    | Bought a potion of mutation for 88 gold pieces
 53308 | Orc:1    | Noticed Erolcha
 53322 | Orc:1    | Killed Erolcha
 53548 | Orc:2    | Found Rotopuh's Assorted Antiques.
 53548 | Orc:2    | Found Kynuxt's Distillery.
 53825 | Orc:2    | Found a staircase to the Elven Halls.
 53902 | Orc:2    | Found a roughly hewn altar of Beogh.
 53924 | Orc:2    | Found Jowohu's Food Emporium.
 54548 | Elf:1    | Entered Level 1 of the Elven Halls
 54608 | Elf:1    | Found a radiant altar of Vehumet.
 55714 | Elf:1    | Received a gift from Okawaru
 55813 | Elf:1    | Identified the Catalogue of Confrontation
 56099 | Elf:1    | Reached ****** piety under Okawaru
 56400 | Elf:1    | Identified Roxanne's Incunabulum of Transmutation
 56400 | Elf:1    | Noticed Roxanne
 56410 | Elf:1    | Killed Roxanne
 56410 | Elf:1    | Reached XP level 17. HP: 121/121 MP: 19/32
 56726 | Elf:1    | Found a radiant altar of Vehumet.
 56989 | Elf:2    | Reached skill level 5 in Shields
 57005 | Elf:2    | Identified the +7 halberd "Itsatang" {freeze, rPois rC+
                  | MP+9}
 57123 | Elf:2    | Received a gift from Okawaru
 57557 | Elf:2    | Received a gift from Okawaru
 58303 | Elf:2    | Found a runed translucent door.
 58671 | Elf:2    | Found a runed translucent door.
 58795 | Elf:3    | Entered Level 3 of the Elven Halls
 58895 | Elf:3    | Found Ugier's Jewellery Emporium.
 58903 | Elf:3    | Bought the ring "Xywneqal" {rPois rF+ Int+4 SInv} for 540
                  | gold pieces
 59334 | Elf:3    | Got a dazzling rapier
 59966 | Elf:3    | Identified the +6 chain mail of Bad Feelings {rF- Regen+
                  | Int+8}
 60095 | Elf:3    | Learned a level 4 spell: Passage of Golubria
 60161 | Elf:3    | Noticed a deep elf blademaster
 60186 | Elf:3    | Killed a deep elf blademaster
 60196 | Elf:3    | Identified the +6 short sword of False Accusations {venom,
                  | rPois rC+ Int+3}
 60200 | Elf:3    | Identified the +0 robe of the Catamount {rElec}
 60205 | Elf:3    | Identified the cursed +1 plate armour of the Loofah {rF+
                  | rN++}
 60209 | Elf:3    | Noticed a deep elf master archer
 60214 | Elf:3    | Noticed a deep elf blademaster
 60214 | Elf:3    | Noticed a deep elf master archer
 60670 | Elf:3    | Received a gift from Okawaru
 60736 | Elf:3    | Got a faintly glowing shield {god gift}
 61083 | Elf:3    | Killed a deep elf blademaster
 61117 | Elf:3    | Identified the +5 shield of Getoqagorph {MR+} (Okawaru
                  | gifted it to you on level 3 of the Elven Halls)
 61146 | Elf:3    | Killed a deep elf master archer
 61146 | Elf:3    | Reached XP level 18. HP: 130/130 MP: 19/33
 61151 | Elf:3    | Noticed a deep elf master archer
 61544 | Elf:3    | Killed a deep elf master archer
 61545 | Elf:3    | Identified the +4 chain mail of the Hills {Stlth+}
 62193 | Elf:3    | Killed a deep elf master archer
 62365 | Elf:3    | Received a gift from Okawaru
 62481 | Elf:3    | Got a translucent shield {god gift}
 62498 | Elf:3    | Identified the +3 shield of Okawaru's Scorn {Dex+3}
                  | (Okawaru gifted it to you on level 3 of the Elven Halls)
 62623 | Elf:3    | Found the +2 pair of boots of the Assassin {Detection Stab+
                  | Stlth++}
 62626 | Elf:3    | Identified Etofru Molo's Compendium of Dusty Poisoning
 62822 | Elf:3    | Found Ugier's Jewellery Emporium.
 63528 | Elf:2    | Noticed a deep elf blademaster
 63537 | Elf:2    | Killed a deep elf blademaster
 63722 | Elf:2    | Reached skill level 15 in Fighting
 63727 | Elf:2    | Reached skill level 10 in Shields
 64303 | Elf:2    | Learned a level 1 spell: Apportation
 64305 | Elf:2    | Learned a level 1 spell: Summon Butterflies
 64308 | Elf:2    | Identified the ring of Soorair {Ice Int+2} (You acquired it
                  | on level 2 of the Elven Halls)
 64695 | Lair:6   | Reached skill level 10 in Evocations
 64708 | Lair:6   | Killed confidenceinterval's ghost
 64876 | Swamp:1  | Entered Level 1 of the Swamp
 65345 | Swamp:1  | Received a gift from Okawaru
 65348 | Swamp:1  | Reached XP level 19. HP: 111/139 MP: 29/35
 66585 | Swamp:2  | Paralysed by a hornet for 3 turns
 67667 | Swamp:3  | Found a transporter.
 67667 | Swamp:3  | Noticed Enyssaw's ghost (adept CeAE)
 67741 | Swamp:3  | Noticed Bai Suzhen
 67759 | Swamp:3  | Killed Bai Suzhen
 68017 | Swamp:3  | Received a gift from Okawaru
 68017 | Swamp:3  | Reached skill level 5 in Summonings
 68450 | Swamp:3  | Noticed Mara
 68453 | Swamp:3  | Found a transporter.
 68461 | Swamp:3  | Noticed kreghek's illusion
 68461 | Swamp:3  | Killed Mara
 68669 | Swamp:3  | Reached skill level 5 in Translocations
 68681 | Swamp:3  | Killed Enyssaw's ghost
 68712 | Swamp:3  | Identified the ring "Zeaffi" {rPois Dex+5 SInv} (You found
                  | it on level 3 of the Swamp)
 68842 | Swamp:4  | Entered Level 4 of the Swamp
 69187 | Swamp:4  | Received a gift from Okawaru
 69190 | Swamp:4  | Got a pitted hat {god gift}
 69203 | Swamp:4  | Identified the +0 hat "Jadaokuf" {rF+ Int+4} (Okawaru
                  | gifted it to you on level 4 of the Swamp)
 69223 | Swamp:4  | Reached XP level 20. HP: 146/149 MP: 36/36
 69321 | Swamp:4  | Got a decaying rune of Zot
 69743 | Spider:1 | Entered Level 1 of the Spider Nest
 69760 | Spider:1 | Noticed Nikola
 69775 | Spider:1 | Killed Nikola
 71426 | Spider:3 | Identified the ring of Conformity {-Tele rN+ MP+9 Dex+4}
                  | (You found it on level 3 of the Spider Nest)
 71522 | Spider:3 | Received a gift from Okawaru
 72041 | Spider:4 | Entered Level 4 of the Spider Nest
 72259 | Spider:4 | Noticed Aizul
 72275 | Spider:4 | Killed Aizul
 73055 | Spider:4 | Got a gossamer rune of Zot
 73709 | Vaults:1 | Entered Level 1 of the Vaults
 73813 | Vaults:1 | Reached XP level 21. HP: 147/159 MP: 37/37
 74157 | Vaults:1 | Found an opulent altar of Gozag.
 74366 | Vaults:1 | Identified Zorch's Papyrus of Confrontation and Bewitchment
 74498 | Vaults:1 | Received a gift from Okawaru
 74499 | Vaults:1 | Found the +3 hat of Pondering {ponderous, MR+ MP+10 Int+5}
 75170 | Vaults:2 | Reached skill level 10 in Summonings
 75781 | Vaults:2 | Found a staircase to the Crypt.
 76545 | Vaults:2 | Identified the +6 spear "Damelapt" {antimagic, rElec}
 76981 | Vaults:3 | Noticed Jory
 76993 | Vaults:3 | Killed Jory
 76993 | Vaults:3 | Received a gift from Okawaru
 77059 | Vaults:3 | Identified the +0 hat of Satisfaction {*Drain rElec MR++
                  | Str+2} (Okawaru gifted it to you on level 3 of the Vaults)
 77087 | Vaults:3 | Found Qiyraq's Antique Weapon Boutique.
 77251 | Vaults:3 | Reached XP level 22. HP: 162/169 MP: 38/38
 78891 | Vaults:3 | Found a runed translucent gate.
 78892 | Vaults:3 | Found a runed translucent gate.
 78892 | Vaults:3 | Found a runed translucent gate.
 78892 | Vaults:3 | Noticed Sudaz's ghost (veteran MiGl)
 78925 | Vaults:3 | Killed Sudaz's ghost
 79116 | Vaults:4 | Reached skill level 15 in Evocations
 79796 | Vaults:4 | Noticed Mennas
 79815 | Vaults:4 | Killed Mennas
 80480 | Vaults:4 | Received a gift from Okawaru
 80485 | Vaults:4 | Identified the +2 hat of the Insatiable Hells {rN+ Regen+}
                  | (Okawaru gifted it to you on level 4 of the Vaults)
 80736 | Vaults:4 | Reached XP level 23. HP: 179/179 MP: 37/39
 81524 | Vaults:4 | Learned a level 5 spell: Summon Forest
 81690 | D:13     | Learned a level 5 spell: Summon Mana Viper
 81727 | D:14     | Bought a book of Battle for 480 gold pieces
 81731 | D:14     | Learned a level 3 spell: Regeneration
 81899 | Vaults:5 | Entered Level 5 of the Vaults
 81907 | Vaults:5 | Reached skill level 1 in Necromancy
 81947 | Vaults:5 | Reached skill level 5 in Charms
 81951 | Vaults:5 | Noticed an ancient lich
 81971 | Vaults:5 | Identified the amulet "Julaz" {Acrobat *Contam rPois rC+}
 81988 | Vaults:5 | Noticed an ancient lich
 82001 | Vaults:5 | Killed an ancient lich
 82001 | Vaults:5 | Reached skill level 5 in Necromancy
 82213 | Vaults:5 | Received a gift from Okawaru
 82219 | Vaults:5 | Got a crystal hand axe {god gift}
 82287 | Vaults:5 | Noticed an ancient lich
 82298 | Vaults:5 | Killed an ancient lich
 82314 | Vaults:5 | Reached XP level 24. HP: 86/189 MP: 38/39
 82737 | Vaults:5 | Identified the +10 whip of Gixitofokhi {antimagic, +Rage
                  | rF- rC+ Int+4}
 83051 | Vaults:5 | Killed an ancient lich
 83253 | Vaults:5 | Received a gift from Okawaru
 83580 | Vaults:5 | Noticed an ancient lich
 83590 | Vaults:5 | Killed an ancient lich
 83638 | Vaults:5 | Identified the cursed +3 trident of Equilibrium {flame,
                  | SInv}
 84054 | Vaults:5 | Got a silver rune of Zot
 84323 | Vaults:5 | Received a gift from Okawaru
 84527 | Vaults:5 | Reached XP level 25. HP: 195/195 MP: 39/39
 84759 | Vaults:5 | Identified the Disquisition on Poisoning
 85815 | Vaults:5 | Learned a level 5 spell: Irradiate
 85991 | Depths:1 | Entered Level 1 of the Depths
 85991 | Depths:1 | Found a one-way gate to the infinite horrors of the Abyss.
 86108 | Depths:1 | Reached skill level 1 in Maces & Flails
 86163 | Depths:1 | Found a runed translucent gate.
 86163 | Depths:1 | Found a runed translucent gate.
 86163 | Depths:1 | Found a runed translucent gate.
 86643 | Depths:1 | Found a gateway to Hell.
 86868 | Depths:1 | Found a runed translucent door.
 86892 | Depths:1 | Received a gift from Okawaru
 87522 | Depths:1 | Reached skill level 10 in Transmutations
 87528 | Depths:1 | Reached skill level 10 in Earth Magic
 87571 | Depths:1 | Found a runed translucent gate.
 87571 | Depths:1 | Found a runed translucent gate.
 87576 | Depths:1 | Found a runed translucent gate.
 87576 | Depths:1 | Noticed Hettah's ghost (veteran GnWz)
 87666 | Depths:2 | Received a gift from Okawaru
 88225 | Depths:2 | Identified the Grimoire of Contamination and Moulding
 88306 | Depths:2 | Reached skill level 5 in Conjurations
 88311 | Depths:2 | Reached skill level 5 in Maces & Flails
 88755 | Depths:2 | Found Voacza's Book Shoppe.
 89483 | Depths:3 | Reached XP level 26. HP: 175/201 MP: 39/39
 89596 | Depths:3 | Found a gateway to a ziggurat.
 89603 | Depths:3 | Found a one-way gate leading to the halls of Pandemonium.
 89672 | Depths:3 | Reached skill level 15 in Shields
 89682 | Depths:3 | Received a gift from Okawaru
 89690 | Depths:3 | Reached skill level 15 in Dodging
 89747 | Depths:3 | Got a slimy large shield {god gift}
 89749 | Depths:3 | Identified the +3 large shield of Pantheism {rF+ SInv}
                  | (Okawaru gifted it to you on level 3 of the Depths)
 90354 | Depths:3 | Noticed a juggernaut
 90364 | Depths:3 | Killed a juggernaut
 91640 | Depths:4 | Found Judi's Weapon Emporium.
 92436 | Depths:4 | Identified the cursed +1 fustibalus of Eriabij {flame,
                  | rPois Int+3}
 92440 | Depths:4 | Received a gift from Okawaru
 92576 | D:15     | Bought the +8 lance "Wyrmbane" {slay drac, rPois rF+ rC+
                  | AC+3} for 1777 gold pieces
 92576 | D:15     | Found the +8 lance "Wyrmbane" {slay drac, rPois rF+ rC+
                  | AC+3}
 93055 | Depths:5 | Entered Level 5 of the Depths
 93210 | Depths:5 | Found a gate to the Realm of Zot.
 93249 | Depths:5 | Noticed Saint Roka
 93267 | Depths:5 | Killed Saint Roka
 93267 | Depths:5 | Reached XP level 27. HP: 207/207 MP: 37/39
 93402 | Depths:5 | Noticed Boris
 93414 | Depths:5 | Killed Boris
 93419 | Depths:5 | Paralysed by a floating eye for 4 turns
 93759 | Depths:5 | Reached skill level 5 in Hexes
 93832 | Depths:5 | Noticed Louise
 93855 | Depths:5 | Killed Louise
 94138 | Depths:5 | Received a gift from Okawaru
 94599 | D:14     | Bought 2 scrolls of magic mapping for 98 gold pieces
 94599 | D:14     | Bought a scroll of enchant armour for 105 gold pieces
 94599 | D:14     | Bought a scroll of magic mapping for 49 gold pieces
 94645 | D:14     | Bought a box of beasts for 360 gold pieces
 94645 | D:14     | Bought a sack of spiders for 360 gold pieces
 96410 | Zot:1    | Entered Level 1 of the Realm of Zot
 96752 | Zot:2    | You fall into a shaft and drop 1 floor!
 97012 | Zot:3    | Noticed an ancient lich
 97018 | Zot:3    | Noticed an orb of fire
 97021 | Zot:3    | Gained mutation: Your magical capacity is low. (-10% MP)
                  | [an orb of fire]
 97023 | Zot:3    | Gained mutation: You tend to lose your temper in combat.
                  | [an orb of fire]
 97033 | Zot:3    | Killed an ancient lich
 97044 | Zot:3    | Killed an orb of fire
 97204 | Zot:3    | Lost mutation: Your magical capacity is low. (-10% MP)
                  | [potion of mutation]
 97204 | Zot:3    | Lost mutation: You tend to lose your temper in combat.
                  | [potion of mutation]
 97204 | Zot:3    | Gained mutation: You are dopey. (Int -2) [potion of
                  | mutation]
 97204 | Zot:3    | Gained mutation: You are resistant to hostile enchantments.
                  | (MR+) [potion of mutation]
 97204 | Zot:3    | Gained mutation: You can translocate small distances at
                  | will. [potion of mutation]
 97256 | Zot:2    | Noticed an orb of fire
 97291 | Zot:3    | Reached skill level 10 in Hexes
 97431 | Zot:2    | Received a gift from Okawaru
 97445 | Zot:3    | Gained mutation: Your magical capacity is low. (-10% MP)
                  | [an orb of fire]
 97446 | Zot:3    | Gained mutation: You are weak. (Str -2) [an orb of fire]
 97447 | Zot:3    | Lost mutation: You are dopey. (Int -2) [an orb of fire]
 97448 | Zot:3    | Killed an orb of fire
 98240 | Zot:5    | Entered Level 5 of the Realm of Zot
 98559 | Zot:5    | Reached skill level 3 in Stealth
 98704 | Zot:5    | Reached skill level 5 in Stealth
 98804 | Zot:5    | Reached skill level 6 in Stealth
 98830 | Zot:5    | Reached skill level 7 in Stealth
 98832 | Zot:5    | Received a gift from Okawaru
 98896 | Zot:5    | Reached skill level 8 in Stealth
 98916 | Zot:5    | Reached skill level 9 in Stealth
 99212 | Zot:5    | Noticed an ancient lich
 99249 | Zot:5    | Noticed an orb of fire
 99250 | Zot:5    | Gained mutation: Your magical capacity is very low. (-20%
                  | MP) [an orb of fire]
 99252 | Zot:5    | Gained mutation: You tend to lose your temper in combat.
                  | [an orb of fire]
 99255 | Zot:5    | Gained mutation: You are clumsy. (Dex -2) [an orb of fire]
 99261 | Zot:5    | Killed an orb of fire
 99261 | Zot:5    | Reached skill level 10 in Stealth
 99266 | Zot:5    | Killed an ancient lich
 99266 | Zot:5    | Reached skill level 11 in Stealth
 99267 | Zot:5    | Noticed an ancient lich
 99272 | Zot:5    | Killed an ancient lich
 99272 | Zot:5    | Reached skill level 12 in Stealth
 99299 | Zot:5    | Noticed an ancient lich
 99321 | Zot:5    | Reached skill level 13 in Stealth
 99334 | Zot:5    | Received a gift from Okawaru
 99337 | Zot:5    | Reached skill level 14 in Stealth
 99354 | Zot:5    | Lost mutation: You are weak. (Str -2) [potion of mutation]
 99354 | Zot:5    | Lost mutation: You tend to lose your temper in combat.
                  | [potion of mutation]
 99354 | Zot:5    | Lost mutation: Your magical capacity is very low. (-20% MP)
                  | [potion of mutation]
 99354 | Zot:5    | Gained mutation: You are frail. (-10% HP) [potion of
                  | mutation]
 99354 | Zot:5    | Gained mutation: Your system is resistant to poisons.
                  | (rPois) [potion of mutation]
 99368 | Zot:5    | Noticed an ancient lich
 99374 | Zot:5    | Killed an ancient lich
 99392 | Zot:5    | Noticed an ancient lich
 99401 | Zot:5    | Reached skill level 15 in Stealth
 99419 | Zot:5    | Noticed an ancient lich
 99431 | Zot:5    | Killed an ancient lich
 99503 | Zot:5    | Killed an ancient lich
 99503 | Zot:5    | Reached skill level 16 in Stealth
 99623 | Zot:5    | Noticed an ancient lich
100018 | Zot:5    | Killed an ancient lich
100106 | Zot:5    | Noticed an orb of fire
100131 | Zot:5    | Killed an orb of fire
100131 | Zot:5    | Received a gift from Okawaru
100131 | Zot:5    | Reached skill level 17 in Stealth
100261 | Zot:5    | Noticed an ancient lich
100262 | Zot:5    | Noticed an orb of fire
100270 | Zot:5    | Killed an ancient lich
100270 | Zot:5    | Reached skill level 18 in Stealth
100285 | Zot:5    | Gained mutation: You are dopey. (Int -2) [an orb of fire]
100286 | Zot:5    | Gained mutation: Your magical capacity is very low. (-20%
                  | MP) [an orb of fire]
100286 | Zot:5    | Gained mutation: You occasionally shout uncontrollably at
                  | your foes. [an orb of fire]
100297 | Zot:5    | Killed an orb of fire
100491 | Zot:5    | Noticed an ancient lich
100498 | Zot:5    | Reached skill level 19 in Stealth
100500 | Zot:5    | Noticed an orb of fire
100510 | Zot:5    | Killed an ancient lich
100515 | Zot:5    | Gained mutation: You are very frail. (-20% HP) [an orb of
                  | fire]
100517 | Zot:5    | Killed an orb of fire
100517 | Zot:5    | Received a gift from Okawaru
100707 | Zot:5    | Reached skill level 20 in Stealth
101292 | Zot:5    | Received a gift from Okawaru
101307 | Zot:5    | Identified the +1 large shield of Feasting {rC+ Int-2
                  | Slay+3} (Okawaru gifted it to you on level 5 of the Realm
                  | of Zot)
101320 | Zot:5    | Killed an ancient lich
101320 | Zot:5    | Reached skill level 21 in Stealth
101572 | Zot:5    | Lost mutation: You occasionally shout uncontrollably at
                  | your foes. [potion of mutation]
101572 | Zot:5    | Lost mutation: You are very frail. (-20% HP) [potion of
                  | mutation]
101572 | Zot:5    | Gained mutation: You evolve. [potion of mutation]
101622 | Zot:5    | Got the Orb of Zot
101786 | Depths:5 | Noticed Faroq the pandemonium lord
101797 | Depths:5 | Killed Faroq the pandemonium lord
101797 | Depths:5 | Reached skill level 22 in Stealth
101831 | Depths:4 | Noticed Muijuest the pandemonium lord
102002 | D:12     | Noticed Wiwoy the pandemonium lord
102014 | D:12     | Killed Wiwoy the pandemonium lord
102014 | D:12     | Reached skill level 23 in Stealth
102222 | D:$      | Escaped with the Orb!

Levels and vault maps discovered:
D:1:      minmay_arrival_stone_box, layout_basic
D:2:      layout_loops_ring, first_ration, minmay_misc_feat_roman,
          uniq_crazy_yiuf_cottage
D:3:      layout_basic, chequers_ecumenical_altar_simple_redux, serial_forest,
          infiniplex_forest_end_2, infiniplex_forest_end_3,
          infiniplex_forest_clump_curved, infiniplex_forest_lined_3,
          infiniplex_forest_clump_curved, infiniplex_forest_lined_corner,
          infiniplex_forest_clump_long, infiniplex_forest_straight_1
D:4:      layout_gridville
D:5:      layout_basic, grunt_gozag_breadcrumbs, grunt_tough_drop
D:6:      minmay_angry_zag, layout_layer_cave, minmay_temple_entry_butterflies,
          uniq_grinder
D:7:      layout_cave_pods, uniq_harold
D:8:      wander_guarded_unrand_ratskin, layout_basic
D:9:      layout_rooms, grunt_lair_entry_orc_guard_hut, uniq_pikel
D:10:     cheibrodos_histonic, layout_irregular_city, david_orc_2,
          gammafunk_ghost_smash, serial_shops, shop, uniq_snorg
D:11:     layout_basic
D:12:     layout_loops_ring, serial_shops, nicolae_shop_statue_plus
D:13:     layout_long_grid, special_room [special_room_bee]
D:14:     layout_irregular_city, erik_vaults_1, minmay_holes, serial_shops,
          nicolae_shop_window_shopping, kennysheep_little_box,
          kennysheep_mini_moat, shop, david_nohive_1
D:15:     grunt_enter_depths_giant_problem, layout_grid_maze, serial_shops,
          shop, uniq_nessos
Temple:   kilobyte_greek_temple
Lair:1:   layout_cave_pods, patterned_corridor, uniq_erica
Lair:2:   statuecave_lemuel, layout_cave_pods, swamp_mist,
          bobbens_dragon_lair_wall, infiniplex_staircase_pool_2,
          serial_bayou_shore_b
Lair:3:   layout_gridlike, basic_altar
Lair:4:   minmay_guarded_unrand_snakebite, layout_hall_layers,
          nicolae_spider_entry_orb_guardian, portal_ice_cave_rime,
          minmay_stone_trees_small, serial_bayou_shore_a, uniq_kirke
Lair:5:   layout_small_grid, nicolae_slime_entry_slimehenge,
          minmay_shattered_shrine
Lair:6:   minmay_lair_end_frog_pond, layout_long_grid,
          ebering_ghost_funeral_grove, nicolae_quartered_pool_medium,
          chequers_serial_rivers_micro_a, kennysheep_abandoned_house
Swamp:1:  layout_falls_marsh, evilmike_swamp_ruin_house_1
Swamp:2:  cheibrodos_swamp_tower_of_moss, layout_basic_swamp,
          evilmike_swamp_ruin_house_6
Swamp:3:  nicolae_swamp_phyte_club, layout_basic_swamp,
          gammafunk_ghost_berserking_beasts, hangedman_swamp_ruin_wall,
          swamp_pool2, infiniplex_staircase_pool, uniq_mara, uniq_bai_suzhen
Swamp:4:  swamp_basic_johnstein, layout_basic_swamp
Spider:1: layout_spider_delve, uniq_nikola
Spider:2: layout_spider_delve, hangedman_spider_tarantella_strand
Spider:3: spiders_nest_scorpion_pit, special_room
Spider:4: spider_rune_water, uniq_aizul
Orc:1:    layout_caves, basic_altar, trog_hazing_becter, uniq_erolcha,
          uniq_nergalle
Orc:2:    st_orc_town, layout_caves, mines4_lemuel
Elf:1:    eino_elf_arrival_altar, layout_onion_city, basic_altar,
          minmay_elf_annihilation, uniq_roxanne
Elf:2:    layout_onion_city, minivault_4, minivault_20
Elf:3:    minmay_elf_hall_not_hex, layout_geoelf_grid, serial_shops, shop,
          grunt_megastairs_3
Vaults:1: nicolae_vaults_stairing_the_circle, v_misc_18, st_quartered_hall,
          vaults_dpeg_encased_lava, hangedman_vaults_trim,
          hangedman_vaults_river_flow, ontoclasm_vaults_fault, v_misc_13,
          v_misc_26, ontoclasm_vaults_shuriken, v_misc_13, vaults_room_corners,
          layout_vaults_ring, basic_altar
Vaults:2: nicolae_vaults_ring_of_whatevers, nicolae_vaults_network_square,
          nicolae_vaults_network_periphery, vaults_dpeg_ring, v_misc_5,
          v_alt_pattern_1, nicolae_vaults_yaktaur_gun_rack, vaults_dpeg_spiral,
          layout_vaults_omnigrid, dummy_crypt_entry
Vaults:3: gammafunk_vaults_ghost_necromancy, v_misc_28, vaults_room_octagon,
          grunt_vaults_twisty, nicolae_vaults_little_squares_2,
          nicolae_vaults_minivaults, v_rooms_1, nicolae_vaults_hallways_thing,
          ontoclasm_vaults_loading_screen, vaults_mumra_lcd,
          vaults_mumra_chevron, vaults_mumra_chevron_long,
          nicolae_vaults_specimen_jars, layout_vaults_omnibox, serial_shops,
          nicolae_shop_behind_doors, uniq_jory
Vaults:4: vaults_dpeg_hooks, v_misc_27, nicolae_vaults_circle_grid_a,
          dpeg_vaults_monster_box, nicolae_vaults_border_crossing,
          st_more_cells, nicolae_vaults_big_ls, vaults_room_fours, v_misc_9,
          nicolae_vaults_circle_grid_a, layout_vaults_omnicross, uniq_mennas
Vaults:5
Depths:1: layout_basic, hangedman_coc_ice_floe, abyss_entry,
          corexii_hall_statues_t, ploomutoo_gammafunk_ghost_potion_laboratory,
          serial_aquarium, aquarium_bridge_long_joined
          [aquarium_subvault_window, aquarium_subvault_bridge,
          aquarium_subvault_bridge, aquarium_subvault_wall,
          aquarium_subvault_wall, aquarium_subvault_window], aquarium_window_1,
          aquarium_window_1, aquarium_view_2e, aquarium_view_2d,
          aquarium_balcony_3a, aquarium_pool_1, minmay_hidden_floor
Depths:2: minmay_triangles_in_corner, layout_cave_pools, hell_entry,
          serial_shops, shop, roderic_serpentine_path,
          serial_sigils_hangedman_quiver, infiniplex_staircase_door_maze
Depths:3: nicolae_legendary_halls, layout_gridlike, enter_ziggurat_b, pan_entry,
          grunt_hell_horde
Depths:4: minmay_the_grid_triangle_9x9_recursive_2_mashed
          [minmay_the_grid_triangle_9x9_prize_center,
          minmay_the_grid_triangle_9x9_negative_grid,
          minmay_the_grid_triangle_9x9_stretched_checkered,
          minmay_the_grid_triangle_9x9_swiss_cheese], layout_basic,
          grunt_hell_entry_dis_old, rand_demon_pan_entry_3, serial_shops, shop,
          abyss_entry, minmay_orc_keep, infiniplex_staircase_trident
Depths:5: grunt_zot_entry_pinwheel, layout_basic, hell_entry,
          minmay_misc_feat_ornament, nicolae_abyss_entry_one_way_or_another,
          grunt_megastairs_2, uniq_boris, uniq_saint_roka
Zot:1:    layout_gridville
Zot:2:    grunt_zot_stairs_mandelzot, layout_gridlike, grunt_megastairs_1
Zot:3:    ebering_klown_carousel, layout_cathedral_of_symmetry,
          skrybe_zot_glass_2
Zot:4:    layout_onion
Zot:5:    layout_twisted_circle

Skill      XL: |  1  2  3  4  5  6  7  8  9 10 11 12 13 14 15 16 17 18 19 20 21 22 23 24 25 26 27 |
---------------+----------------------------------------------------------------------------------+-----
Fighting       | 1 2 3 4 5 6 7 10 12 13 15 16 18 19 20 21 22 | 22.0
Dodging        | 3 4 6 7 8 9 10 11 12 13 14 15 | 15.0
Hexes          | 1 2 3 12 | 12.0
Evocations     | 3 6 7 8 10 11 12 14 15 16 17 18 | 18.0
Invocations    | 2 5 6 8 9 |  9.0
Spellcasting   | 5 6 8 10 11 12 | 12.0
Polearms       | 3 5 |  5.4
Shields        | 1 4 7 10 11 13 14 18 20 | 20.0
Axes           | 5 9 10 11 12 | 12.5
Transmutations | 1 5 8 9 10 | 10.0
Earth Magic    | 1 5 8 9 10 | 10.0
Summonings     | 2 3 6 8 10 12 | 12.0
Translocations | 2 5 6 |  6.0
Air Magic      | 4 |  4.8
Charms         | 3 4 5 |  5.0
Necromancy     | 5 |  5.1
Maces & Flails | 5 9 |  9.1
Conjurations   | 5 |  5.0
Stealth        | 23 | 23.2

Action                   |  1- 3 |  4- 6 |  7- 9 | 10-12 | 13-15 | 16-18 | 19-21 | 22-24 | 25-27 || total
-------------------------+-------+-------+-------+-------+-------+-------+-------+-------+-------++-------
Melee: Unarmed           |     8 |     3 |       |       |       |       |       |       |       ||    11
       Constrict         |     9 |    42 |    60 |   121 |   107 |   154 |   125 |    94 |   131 ||   843
       Tentacles         |     2 |    38 |    45 |   122 |   186 |   157 |   306 |   257 |   554 ||  1667
       Dagger            |    22 |    63 |       |       |       |       |       |       |       ||    85
       Quarterstaff      |       |   168 |   252 |       |       |       |       |       |       ||   420
       Trident           |       |       |   313 |   513 |    85 |    11 |       |       |       ||   922
       Punch             |       |       |       |    15 |    14 |     5 |    26 |    17 |    42 ||   119
       Broad axe         |       |       |       |   389 |   818 |   851 |  1110 |   808 |   718 ||  4694
       Lance             |       |       |       |       |       |       |       |       |   558 ||   558
       Sacred scourge    |       |       |       |       |       |       |       |       |   460 ||   460
Throw: Dart              |       |     9 |    21 |    17 |       |       |       |       |       ||    47
       Throwing net      |       |       |     2 |       |       |     1 |       |       |     4 ||     7
       Stone             |       |       |     2 |       |       |       |       |       |       ||     2
 Cast: Shock             |    61 |     7 |    12 |       |       |       |       |       |       ||    80
       Confusing Touch   |       |       |     2 |       |     6 |       |       |       |       ||     8
       Confuse           |       |       |     7 |    39 |       |       |       |       |       ||    46
       Statue Form       |       |       |       |       |    44 |    45 |    58 |    34 |    68 ||   249
       Blink             |       |       |       |       |       |     4 |       |       |     1 ||     5
       Deflect Missiles  |       |       |       |       |       |     2 |     2 |     1 |     3 ||     8
       Regeneration      |       |       |       |       |       |       |       |    12 |    12 ||    24
       Summon Mana Viper |       |       |       |       |       |       |       |     2 |     2 ||     4
       Silence           |       |       |       |       |       |       |       |     2 |       ||     2
       Summon Forest     |       |       |       |       |       |       |       |       |     3 ||     3
Invok: Heroism           |       |       |    11 |    69 |    45 |    23 |    33 |    20 |    45 ||   246
       Finesse           |       |       |       |       |       |     1 |     3 |     4 |    10 ||    18
 Abil: Evoke Invisibilit |       |       |       |       |       |       |     1 |       |     1 ||     2
       End Transformatio |       |       |       |       |       |       |       |       |     1 ||     1
Evoke: Wand              |       |       |    22 |    13 |    21 |     5 |     3 |       |    17 ||    81
       Lamp of fire      |       |       |       |       |       |       |       |     1 |       ||     1
  Use: Scroll            |     3 |     5 |    10 |    14 |    17 |    20 |    12 |    14 |    18 ||   113
       Potion            |       |     2 |     3 |     7 |     2 |     1 |     1 |     5 |     6 ||    27
 Stab: Sleeping          |     2 |    13 |    10 |    11 |    17 |    12 |    25 |     9 |    18 ||   117
       Distracted        |     1 |     2 |     1 |     2 |     5 |     3 |     5 |     5 |     4 ||    28
       Petrified         |       |       |     2 |       |       |       |       |       |       ||     2
       Confused          |       |       |     1 |    14 |       |     1 |       |       |       ||    16
       Paralysed         |       |       |       |    17 |       |       |     2 |       |       ||    19
       Invisible         |       |       |       |     2 |     4 |       |    11 |     1 |     8 ||    26
       Held in net/web   |       |       |       |       |       |       |       |       |     2 ||     2
  Eat: Chunk             |     4 |    14 |    24 |    44 |    43 |    26 |    20 |    12 |    20 ||   207
       Ration            |       |       |     9 |     4 |     8 |    12 |    11 |     7 |    18 ||    69
Armor: Skin              |     6 |     9 |    74 |    31 |   307 |   217 |   244 |   166 |   226 ||  1280
Dodge: Dodged            |    23 |   147 |   473 |   649 |   887 |   536 |  1005 |   499 |   808 ||  5027
       Deflected         |       |       |       |       |       |     3 |    22 |     8 |    28 ||    61
Block: Buckler           |       |       |       |   172 |   610 |   217 |       |       |       ||   999
       Reflection        |       |       |       |     3 |    22 |    89 |    61 |    97 |    62 ||   334
       Shield            |       |       |       |       |       |   669 |  1707 |  1087 |   276 ||  3739
       Large shield      |       |       |       |       |       |       |       |       |  1854 ||  1854

Table legend:
 A = Non-vault XP
 B = Vault XP
 C = Vault XP percentage of total XP
 D = Non-vault monster count
 E = Vault monster count
 F = Vault count percentage of total count
                 A         B        C        D         E       F
            +---------+---------+-------+---------+---------+-------
      Total |  640142 | 1022954 |  61.5 |    1521 |     996 |  39.6
            +---------+---------+-------+---------+---------+-------
        D:1 |      44 |       0 |   0.0 |      26 |       0 |   0.0
        D:2 |     115 |      41 |  26.3 |      23 |       1 |   4.2
        D:3 |     517 |       0 |   0.0 |      52 |       0 |   0.0
        D:4 |     423 |       0 |   0.0 |      23 |       0 |   0.0
        D:5 |     579 |     187 |  24.4 |      17 |       5 |  22.7
        D:6 |     999 |     464 |  31.7 |      27 |       6 |  18.2
        D:7 |    1361 |     929 |  40.6 |      29 |       1 |   3.3
        D:8 |    2542 |     842 |  24.9 |      58 |      23 |  28.4
        D:9 |    1820 |     341 |  15.8 |      30 |       3 |   9.1
       D:10 |    3755 |    6910 |  64.8 |      43 |      32 |  42.7
       D:11 |    4552 |       0 |   0.0 |      51 |       0 |   0.0
       D:12 |    4391 |       0 |   0.0 |      35 |       0 |   0.0
       D:13 |   11421 |    1955 |  14.6 |      41 |      16 |  28.1
       D:14 |    5179 |    2970 |  36.4 |      37 |      17 |  31.5
       D:15 |   13812 |    2990 |  17.8 |      32 |       2 |   5.9
     Lair:1 |    3826 |     929 |  19.5 |       8 |       1 |  11.1
     Lair:2 |    1983 |    7022 |  78.0 |      13 |      21 |  61.8
     Lair:3 |    3159 |       0 |   0.0 |      13 |       0 |   0.0
     Lair:4 |    5702 |    4807 |  45.7 |      14 |      15 |  51.7
     Lair:5 |    7347 |    4867 |  39.8 |      32 |      17 |  34.7
     Lair:6 |    9871 |   16591 |  62.7 |      31 |      64 |  67.4
    Swamp:1 |   10929 |       0 |   0.0 |      34 |       0 |   0.0
    Swamp:2 |   11714 |    1996 |  14.6 |      21 |       1 |   4.5
    Swamp:3 |   11380 |   30549 |  72.9 |      30 |      17 |  36.2
    Swamp:4 |   12288 |   19761 |  61.7 |      31 |      30 |  49.2
   Spider:1 |    8118 |    3675 |  31.2 |      25 |       1 |   3.8
   Spider:2 |   13829 |     227 |   1.6 |      45 |       1 |   2.2
   Spider:3 |   17665 |    6320 |  26.3 |      49 |      21 |  30.0
   Spider:4 |    5322 |   28593 |  84.3 |      18 |      44 |  71.0
      Orc:1 |    3142 |    1885 |  37.5 |      48 |       8 |  14.3
      Orc:2 |    3314 |    8357 |  71.6 |      13 |      63 |  82.9
      Elf:1 |   20364 |   10357 |  33.7 |      33 |      14 |  29.8
      Elf:2 |   19006 |   28456 |  60.0 |      36 |      34 |  48.6
      Elf:3 |   18182 |   54419 |  75.0 |      29 |      39 |  57.4
   Vaults:1 |   19539 |   26978 |  58.0 |      43 |      38 |  46.9
   Vaults:2 |   40833 |    5925 |  12.7 |      60 |       7 |  10.4
   Vaults:3 |   22240 |   43776 |  66.3 |      43 |      51 |  54.3
   Vaults:4 |   28410 |   47141 |  62.4 |      45 |      51 |  53.1
   Vaults:5 |   59016 |  186727 |  76.0 |      77 |     112 |  59.3
   Depths:1 |   42853 |   33444 |  43.8 |      44 |      20 |  31.2
   Depths:2 |   36367 |   22870 |  38.6 |      43 |      16 |  27.1
   Depths:3 |   22967 |   55749 |  70.8 |      27 |      35 |  56.5
   Depths:4 |   25690 |   37202 |  59.2 |      21 |      32 |  60.4
   Depths:5 |   29759 |   43150 |  59.2 |      25 |      42 |  62.7
      Zot:1 |    4332 |       0 |   0.0 |       3 |       0 |   0.0
      Zot:2 |    7363 |   13937 |  65.4 |       5 |      10 |  66.7
      Zot:3 |   26608 |   63475 |  70.5 |      19 |      23 |  54.8
      Zot:4 |    3298 |       0 |   0.0 |       2 |       0 |   0.0
      Zot:5 |   32216 |  191721 |  85.6 |      17 |      44 |  72.1
      IceCv |       0 |    4419 | 100.0 |       0 |      18 | 100.0
            +---------+---------+-------+---------+---------+-------
